 Dungeon Crawl Stone Soup version 0.25-b1-37-g2669288c55 (webtiles) character file.

Game seed: 11088044771699566667

318 Chiseanne the Skirmisher (level 6, -2/53 HPs)
             Began as a Gnoll Wanderer on June 4, 2020.
             Was an Initiate of Vehumet.
             Slain by an ice beast (12 damage)
             ... on level 4 of the Dungeon.
             The game lasted 00:10:51 (2712 turns).

Chiseanne the Skirmisher (Gnoll Wanderer)           Turns: 2712, Time: 00:10:52

Health: -2/53      AC:  4    Str: 13    XL:     6   Next: 45%
Magic:  5/14       EV: 13    Int: 18    God:    Vehumet [......]
Gold:   154        SH:  0    Dex: 14    Spells: 14/15 levels left

rFire    . . .     SeeInvis .   a - +2 quarterstaff (chaos)
rCold    . . .     Gourm    .   (shield currently unavailable)
rNeg     . . .     Faith    .   d - +0 robe
rPois    .         Spirit   .   j - +0 helmet
rElec    .         Reflect  .   r - +0 cloak
rCorr    .         Harm     .   (no gloves)
MR       .....                  (no boots)
Stlth    +++.......             (no amulet)
HPRegen  0.17/turn              (no ring)
MPRegen  0.14/turn              (no ring)

@: about to teleport
A: distributed training, fangs 1, strong nose
a: Renounce Religion


You were on level 4 of the Dungeon.
You worshipped Vehumet.
Vehumet was noncommittal.
You were not hungry.

You visited 2 branches of the dungeon, and saw 5 of its levels.

You collected 154 gold pieces.

Inventory:

Hand Weapons
 a - a +2 quarterstaff of chaos (weapon)
 l - a +2 whip of venom
 s - a +0 dagger of venom
Missiles
 g - 10 stones (quivered)
 p - 36 arrows
 v - 19 sling bullets
Armour
 d - a +0 robe (worn)
 j - a +0 helmet (worn)
 n - a +0 leather armour
 r - a +0 cloak (worn)
Jewellery
 w - a +4 ring of slaying {unknown}
Wands
 c - a wand of random effects (14)
 t - a wand of clouds (5)
Scrolls
 m - 2 scrolls of teleportation
Potions
 e - 2 potions of ambrosia {unknown}
 h - a potion of might {unknown}
 i - 2 potions of heal wounds {unknown}
 k - 2 potions of curing
 q - a potion of mutation {unknown}
 u - a potion of lignification {unknown}
Comestibles
 f - 5 rations


   Skills:
 + Level 6.8 Fighting
 + Level 1.9 Short Blades
 + Level 1.9 Long Blades
 + Level 1.9 Axes
 + Level 1.9 Maces & Flails
 + Level 1.9 Polearms
 + Level 1.9 Staves
 + Level 1.9 Slings
 + Level 1.9 Bows
 + Level 1.9 Crossbows
 + Level 1.9 Throwing
 + Level 1.9 Armour
 + Level 3.2 Dodging
 + Level 4.6 Stealth
 + Level 1.9 Shields
 + Level 1.9 Unarmed Combat
 + Level 5.3 Spellcasting
 + Level 1.5 Conjurations
 + Level 1.5 Hexes
 + Level 1.5 Charms
 + Level 1.5 Summonings
 + Level 1.5 Necromancy
 + Level 1.5 Translocations
 + Level 1.5 Transmutations
 + Level 2.6 Fire Magic
 + Level 1.5 Ice Magic
 + Level 1.5 Air Magic
 + Level 1.5 Earth Magic
 + Level 1.5 Poison Magic
 + Level 2.1 Invocations
 + Level 3.2 Evocations


You had 14 spell levels left.
You knew the following spells:

 Your Spells              Type           Power        Failure   Level  Hunger
a - Foxfire               Conj/Fire      ##..         5%          1    None

Your spell library contained the following spells:

 Spells                   Type           Power        Failure   Level  Hunger
 Conjure Flame            Conj/Fire      ##......     16%         3    ##.....


Dungeon Overview and Level Annotations

Branches:
Dungeon (4/15)             Temple (1/1) D:4

Altars:
Cheibriados
Gozag
Hepliaklqana
Okawaru
Qazlal
Trog
Vehumet
Wu Jian
Yredelemnul

Annotations:
D:3 3 runed translucent doors, brob1's ghost, amateur DrTm


Innate Abilities, Weirdness & Mutations

Your experience applies equally to all skills.
You have very sharp teeth.
Your uncanny sense of smell can sniff out nearby items.


Message History

You don't have any such object.
Evoke which item? (* to show all) (? for menu, Esc to quit)
Aiming: Cloud Cone
Press: ? - help, Dir - move target cursor, f - ogre
Aim: an ogre, wielding a +0 giant club (heavily wounded)
You create a blast of poison gas!
The ogre is engulfed in poison gas.
The ogre is poisoned.
The ogre misses you.
You sock the ogre!
You kill the ogre!
Vehumet accepts your kill.
Your Invocations skill increases to level 2!
As you read the scroll of magic mapping, it crumbles to dust.
You feel aware of your surroundings.
The ice beast hits you but does no damage.
Your magical contamination has completely faded away.
As you read the scroll of teleportation, it crumbles to dust.
You feel strangely unstable. The ice beast hits you.
* * * LOW HITPOINT WARNING * * *
The ice beast freezes you!
You die...

*,*#,*#..........#..# ****,*
*,,#.,#....#..>...#.####***,,
*,,.......###§..........,,,,,
**,.......###§.####.....**#..
**,........##§§####*#.###* #..
*,,.......##§§#...##..# #..
*,,......#.)§........#### #..
*,,,>...................# #.#
*****,,........Y@.....####.####.#
,,,,,,,..#......##...............
,,,,,,,.,#.......................
,,,,,,,,.........................
******,####...#####..............
*,* #.#/,,,*##............. *,*
#.##**......##.........
*,***#,****#####............
*,,*,,,,,* *#.....).......


You could see an ice beast.

Vanquished Creatures
  An ogre (D:4)
  Crazy Yiuf (D:2)
  2 worker ants
  A hound skeleton (D:4)
  A howler monkey skeleton (D:4)
  5 adders
  An ooze (D:1)
  6 worms
  A dart slug (D:2)
  A leopard gecko (D:1)
  5 orcs
  2 giant cockroaches
  9 goblins
  6 hobgoblins
  9 kobolds
  2 quokkas (D:2)
  A bat (D:1)
  7 frilled lizards
  A jackal skeleton (D:4)
  9 rats
  2 fungi (D:2)
73 creatures vanquished.

Vanquished Creatures (others)
  158 foxfires
158 creatures vanquished.

Grand Total: 231 creatures vanquished

Notes
Turn   | Place    | Note
-------+----------+-------------------------------------------
     0 | D:1      | Chiseanne the Gnoll Wanderer began the quest for the Orb.
     0 | D:1      | Chiseanne set off with the following items: a +2 spear, a
                  | wand of random effects (15), a +0 robe, a +0 dagger, a
                  | ration; and the following spell memorised: Foxfire; and the
                  | following spells available to memorise: Conjure Flame
     0 | D:1      | Reached XP level 1. HP: 23/23 MP: 6/6
   103 | D:1      | Reached XP level 2. HP: 28/29 MP: 1/7
   545 | D:1      | Reached XP level 3. HP: 35/35 MP: 7/9
   617 | D:2      | Found a hazy altar of Hepliaklqana.
   637 | D:2      | Reached skill level 5 in Spellcasting
   712 | D:2      | Reached skill level 1 in Invocations
   774 | D:2      | Reached skill level 1 in Short Blades
   774 | D:2      | Reached skill level 1 in Long Blades
   774 | D:2      | Reached skill level 1 in Axes
   774 | D:2      | Reached skill level 1 in Maces & Flails
   774 | D:2      | Reached skill level 1 in Polearms
   774 | D:2      | Reached skill level 1 in Staves
   774 | D:2      | Reached skill level 1 in Slings
   774 | D:2      | Reached skill level 1 in Bows
   774 | D:2      | Reached skill level 1 in Crossbows
   774 | D:2      | Reached skill level 1 in Throwing
   774 | D:2      | Reached skill level 1 in Armour
   774 | D:2      | Reached skill level 1 in Shields
   774 | D:2      | Reached skill level 1 in Unarmed Combat
   804 | D:2      | Reached XP level 4. HP: 41/41 MP: 0/11
   927 | D:3      | Found a runed translucent gate.
   927 | D:3      | Found a runed translucent gate.
   927 | D:3      | Found a runed translucent gate.
   927 | D:3      | Found an opulent altar of Gozag.
   927 | D:3      | Noticed a centaur
   928 | D:3      | Noticed brob1's ghost (amateur DrTm)
  1119 | D:2      | Reached skill level 1 in Conjurations
  1119 | D:2      | Reached skill level 1 in Hexes
  1119 | D:2      | Reached skill level 1 in Charms
  1119 | D:2      | Reached skill level 1 in Summonings
  1119 | D:2      | Reached skill level 1 in Necromancy
  1119 | D:2      | Reached skill level 1 in Translocations
  1119 | D:2      | Reached skill level 1 in Transmutations
  1119 | D:2      | Reached skill level 1 in Ice Magic
  1119 | D:2      | Reached skill level 1 in Air Magic
  1119 | D:2      | Reached skill level 1 in Earth Magic
  1119 | D:2      | Reached skill level 1 in Poison Magic
  1483 | D:2      | Reached XP level 5. HP: 45/47 MP: 8/12
  1549 | D:2      | Found a runed translucent door.
  1550 | D:2      | Noticed Crazy Yiuf
  1570 | D:2      | Killed Crazy Yiuf
  1839 | D:3      | Found an ornate altar of the Wu Jian Council.
  1991 | D:3      | Noticed a moth of wrath
  1994 | D:3      | Found a bloodstained altar of Trog.
  2537 | D:4      | Found a staircase to the Ecumenical Temple.
  2546 | Temple   | Entered the Ecumenical Temple
  2624 | Temple   | Became a worshipper of Vehumet
  2676 | D:4      | Reached XP level 6. HP: 53/53 MP: 13/13
  2706 | D:4      | Noticed an ice beast
  2712 | D:4      | Slain by an ice beast

Illustrated notes

Levels and vault maps discovered:
D:1:      giann_wishing_wells, layout_basic, st_stairs_3
D:2:      layout_loops_corners, nicolae_overflow_crystal_walls,
          uniq_crazy_yiuf_cottage
D:3:      layout_basic, lemuel_doored_altar, tgw_trog, ebering_ghost_gozag,
          uniq_robin, uniq_natasha, uniq_ijyb
D:4:      layout_rooms, minmay_temple_entry_wispy, first_ration,
          hangedman_decor_riveting
Temple:   minmay_temple_forest_path

Skill      XL: |  1  2  3  4  5  6 |
---------------+-------------------+-----
Fire Magic     | 2 |  2.6
Spellcasting   | 5 |  5.3
Invocations    | 1 2 |  2.1
Short Blades   | 1 |  1.9
Long Blades    | 1 |  1.9
Axes           | 1 |  1.9
Maces & Flails | 1 |  1.9
Polearms       | 1 |  1.9
Staves         | 1 |  1.9
Slings         | 1 |  1.9
Bows           | 1 |  1.9
Crossbows      | 1 |  1.9
Throwing       | 1 |  1.9
Armour         | 1 |  1.9
Shields        | 1 |  1.9
Unarmed Combat | 1 |  1.9
Conjurations   | 1 |  1.5
Hexes          | 1 |  1.5
Charms         | 1 |  1.5
Summonings     | 1 |  1.5
Necromancy     | 1 |  1.5
Translocations | 1 |  1.5
Transmutations | 1 |  1.5
Ice Magic      | 1 |  1.5
Air Magic      | 1 |  1.5
Earth Magic    | 1 |  1.5
Poison Magic   | 1 |  1.5
Dodging        | 3 |  3.2
Evocations     | 3 |  3.2
Fighting       | |  6.8
Stealth        | |  4.6

Action                   |  1- 3 |  4- 6 || total
-------------------------+-------+-------++-------
Melee: Spear             |    21 |    46 ||    67
       Bite              |     1 |    10 ||    11
       Quarterstaff      |       |    40 ||    40
Throw: Stone             |     2 |       ||     2
 Cast: Foxfire           |    39 |    66 ||   105
Evoke: Wand              |       |     2 ||     2
  Use: Scroll            |     4 |     3 ||     7
 Stab: Sleeping          |     5 |     6 ||    11
       Petrified         |       |     3 ||     3
       Paralysed         |       |     1 ||     1
  Eat: Chunk             |       |     6 ||     6
Armor: Robe              |     3 |    16 ||    19
Dodge: Dodged            |    19 |    60 ||    79
